 Dungeon Crawl Stone Soup version 0.22-a0-352-gc608dd7 (webtiles) character file.

41 tilp the Chiller (level 3, -2/24 HPs)
             Began as a Merfolk Ice Elementalist on Apr 14, 2018.
             Slain by a scorpion (10 damage)
             ... on level 2 of the Dungeon.
             The game lasted 00:05:35 (1426 turns).

tilp the Chiller (Merfolk Ice Elementalist)         Turns: 1426, Time: 00:05:36

Health: -2/24      AC:  2    Str:  8    XL:     3   Next: 52%
Magic:  0/6        EV: 13    Int: 15    God:
Gold:   70         SH:  0    Dex: 14    Spells: 0/6 levels left

rFire    . . .     SeeInvis .   i - +0 dagger
rCold    . . .     Gourm    .   (no shield)
rNeg     . . .     Faith    .   a - +0 robe
rPois    .         Spirit   .   (no helmet)
rElec    .         Reflect  .   (no cloak)
rCorr    .         Harm     .   (no gloves)
MR       .....                  (no boots)
Stlth    ++........             (no amulet)
HPRegen  0.08/turn              (no ring)
MPRegen  0.10/turn              (no ring)

@: lethally poisoned (-2 -> -6), very slightly contaminated
A: change form in water, swift swim, stealthy swim
a: no special abilities


You were on level 2 of the Dungeon.
You were hungry.

You visited 1 branch of the dungeon, and saw 2 of its levels.

You collected 70 gold pieces.

Inventory:

Hand Weapons
 h - a +0 mace
 i - a +0 dagger (weapon)
 k - a +0 spear
Missiles
 b - 6 tomahawks (quivered)
 l - a throwing net
Armour
 a - a +0 robe (worn)
Scrolls
 j - a scroll of identify
 p - a scroll of blinking
Potions
 d - a potion of flight {unknown}
 e - a potion of ambrosia {unknown}
 g - a potion of brilliance {unknown}
 m - a potion of heal wounds {unknown}
 n - a potion of agility {unknown}
 o - a potion of lignification {unknown}
Comestibles
 c - 3 rations
 f - 4 chunks of flesh


   Skills:
 - Level 2.6 Dodging
 - Level 2.1 Stealth
 - Level 2.0 Spellcasting
 - Level 0.7 Conjurations
 + Level 4.9 Ice Magic


You couldn't memorise any spells.
You knew the following spells:

 Your Spells              Type           Power        Failure   Level  Hunger
a - Freeze                Ice            ###.         3%          1    #......
b - Throw Frost           Conj/Ice       ##....       11%         2    ###....
c - Ozocubu's Armour      Chrm/Ice       #.......     24%         3    ###....


Dungeon Overview and Level Annotations

Branches:
Dungeon (2/15)

Altars:


Message History

The scorpion is heavily wounded.
You feel sick. The scorpion barely misses you.
You barely miss the scorpion.
The scorpion is heavily wounded.
The scorpion stings you.
You barely miss the scorpion.
The scorpion is heavily wounded.
You feel sick. The scorpion barely misses you.
You hit the scorpion but do no damage.
The scorpion is heavily wounded.
The scorpion barely misses you.
Casting: Freeze (safe; 3% risk of failure)
Confirm with . or Enter, or press ? or * to list all spells.
Aiming: Freeze (safe; 3% risk of failure)
Press: ? - help, Shift-Dir - straight line, f/p - scorpion
Aim: a scorpion (heavily wounded)
You freeze the scorpion.
The scorpion is severely wounded.
You feel sick. The scorpion stings you!
You die...

.......####..... ########
#..### .# #..###### .####
#..#..... ....# #....##
###.#######.....####.#
.....................#
.#########.#.....### .#
#.#...#@### .# #.#...#.s.####
.# #.#.#####....#
.#########.#>..#...##.#
...........#...#.####.# #####
....###.#..#.......S#.#...s..
#...###.#..#..#.#.....s......
.###.#.#................#####
.# #..###.....#.##.##.###


You could see a scorpion.

Vanquished Creatures
  An ooze (D:1)
  A dart slug (D:1)
  A leopard gecko (D:1)
  4 goblins
  6 hobgoblins
  4 jackals (D:1)
  A ball python (D:1)
  4 bats
  2 frilled lizards (D:1)
  2 kobolds (D:1)
  6 rats
32 creatures vanquished.

Notes
Turn   | Place    | Note
-------+----------+-------------------------------------------
     0 | D:1      | tilp the Merfolk Ice Elementalist began the quest for the Orb.
     0 | D:1      | Reached XP level 1. HP: 13/13 MP: 3/3
   351 | D:1      | Reached XP level 2. HP: 19/19 MP: 3/5
   362 | D:1      | Learned a level 2 spell: Throw Frost
   408 | D:1      | Reached skill level 4 in Ice Magic
   758 | D:1      | Reached XP level 3. HP: 7/24 MP: 0/6
   983 | D:1      | Learned a level 3 spell: Ozocubu's Armour
  1406 | D:2      | Noticed a scorpion
  1426 | D:2      | Slain by a scorpion

Vault maps used:
D:1:      minmay_arrival_split_and_join
D:2:      nicolae_tso_swordbearing_angel, gammafunk_temple_overflow_claw

Skill      XL: |  1  2 |
---------------+-------+-----
Ice Magic      | 4 |  4.9
Dodging        | |  2.6
Stealth        | |  2.1
Spellcasting   | |  2.0
Conjurations   | |  0.7

Action                   || total
-------------------------++-------
Melee: Unarmed           ||     2
       Mace              ||    22
       Dagger            ||     8
 Cast: Freeze            ||    47
  Use: Scroll            ||     2
 Stab: Sleeping          ||     1
  Eat: Chunk             ||     2
Armor: Robe              ||    19
Dodge: Dodged            ||    64

Table legend:
 A = Spawn XP
 B = Non-spawn XP
 C = Spawn XP percentage of total XP
 D = Spawn monster count
 E = Non-spawn monster count
 F = Spawn count percentage of total count
 G = Total turns spent on level
                    A         B        C        D         E        F      G
               +---------+---------+-------+---------+---------+-------+---------
         Total |       0 |      59 |   0.0 |       0 |      32 |   0.0 |  1426
               +---------+---------+-------+---------+---------+-------+---------
           D:1 |       0 |      53 |   0.0 |       0 |      28 |   0.0 |  1314
           D:2 |       0 |       6 |   0.0 |       0 |       4 |   0.0 |   112
               +---------+---------+-------+---------+---------+-------+---------
